 Dungeon Crawl Stone Soup version 0.32-a0-871-ge202e49faa (webtiles) character file.

Game seed: 5924684043499099710

1563 Fractals the Fighter (level 8, 0/68 HPs)
             Began as a Human Monk on Mar 29, 2024.
             Was a Believer of the Shining One.
             Slain by a black bear (4 damage)
             ... on level 5 of the Dungeon.
             The game lasted 00:14:26 (5753 turns).

Fractals the Fighter (Human Monk)                   Turns: 5753, Time: 00:14:27

Health: 0/68       AC: 13    Str: 14    XL:     8   Next: 89%
Magic:  7/10       EV: 10    Int: 11    God:    the Shining One [**....]
Gold:   334        SH:  7    Dex: 15    Spells: 7/7 levels left

rFire   . . .        a - +0 spear
rCold   + . .        d - orb {light}
rNeg    + . .        p - +1 ring mail {rC+}
rPois   .            s - +0 helmet
rElec   .            e - +0 cloak
rCorr   +            (no gloves)
SInv    .            n - +2 pair of boots
Will    .....        (no amulet)
Stlth   +            k - ring of resist corrosion
HPRegen 0.31/turn    (no ring)
MPRegen 0.12/turn

%: no passive effects
@: divinely shielded, glowing
A: explore regen
a: Renounce Religion, Divine Shield


You were on level 5 of the Dungeon.
You worshipped the Shining One.
The Shining One was pleased with you.
You visited 2 branches of the dungeon, and saw 7 of its levels.

You collected 334 gold pieces.

Inventory:

Hand Weapons
 a - a +0 spear (weapon)
 f - a +0 war axe
 i - a +0 dagger of speed
 E - a +1 mace of protection
Armour
 d - an orb of light (worn)
 e - a +0 cloak (worn)
 n - a +2 pair of boots (worn)
 p - a +1 ring mail of cold resistance (worn)
 s - a +0 helmet (worn)
Jewellery
 k - a ring of resist corrosion (left hand)
Wands
 o - a wand of polymorph (12)
 F - a wand of acid (9)
Scrolls
 g - a scroll of fog {unknown}
 j - a scroll of teleportation
 m - 5 scrolls of identify
 r - a scroll of amnesia
 u - a scroll of noise {unknown}
 v - a scroll of immolation {unknown}
 x - a scroll of enchant armour {unknown}
 y - a scroll of torment {unknown}
 C - a scroll of brand weapon {unknown}
 D - a scroll of blinking {unknown}
Potions
 b - a potion of might
 c - a potion of degeneration {unknown}
 h - a potion of enlightenment {unknown}
 l - a potion of brilliance {unknown}
 q - a potion of magic {unknown}
 t - a potion of mutation {unknown}
 w - a potion of haste {unknown}
 z - a potion of berserk rage {unknown}
 A - 2 potions of curing {unknown}
 B - a potion of heal wounds


   Skills:
 - Level 8.0 Fighting
 - Level 3.0 Polearms
 - Level 7.0 Armour
 + Level 3.1 Dodging
 + Level 3.3 Invocations


You had 7 spell levels left.
You didn't know any spells.
Your spell library contained the following spells:

 Spells                   Type           Power      Damage    Failure   Level
 Kiss of Death            Conj/Necr      0%         2d5       54%         1
 Confusing Touch          Hex            0%         N/A       89%         3
 Dispel Undead            Necr           0%         3d6       100%        4


Dungeon Overview and Level Annotations

Branches:
Dungeon (6/15)             Temple (1/1) D:4

Altars:
Ashenzari
Cheibriados
Dithmenos
Fedhas
Gozag
Hepliaklqana
Kikubaaqudgha
Makhleb
Nemelex Xobeh
Okawaru
Qazlal
Ru
Sif Muna
Uskayaw
Vehumet
Xom
Zin
The Shining One

Shops:
D:5 *


Innate Abilities, Weirdness & Mutations

You regain HP and MP as you explore.


Message History

The black bear is severely wounded.
The black bear bites you!
* * * LOW HITPOINT WARNING * * *
The black bear claws you but does no damage.
The black bear barely misses you. The black bear closely misses you. x2
The black bear claws you but does no damage.
You barely miss the black bear.
The black bear is severely wounded.
The black bear bites you but does no damage.
The black bear claws you but does no damage.
The black bear barely misses you.
You barely miss the black bear.
The black bear is severely wounded.
The black bear bites you but does no damage.
The black bear completely misses you.
The black bear claws you but does no damage.
You hit the black bear but do no damage.
The black bear is severely wounded.
The black bear bites you!
* * * LOW HITPOINT WARNING * * *
The black bear claws you but does no damage. x2
The black bear bites you.
* * * LOW HITPOINT WARNING * * *
The black bear barely misses you. The black bear claws you.
* * * LOW HITPOINT WARNING * * *
Unknown command.
You feel much better. The black bear bites you!
* * * LOW HITPOINT WARNING * * *
The black bear claws you but does no damage. x2
You hit the black bear.
The black bear is almost dead.
The black bear bites you! The Shining One protects you from harm!
The black bear claws you but does no damage.
The black bear claws you.
* * * LOW HITPOINT WARNING * * *
The black bear closely misses you. x2; The black bear claws you.
The Shining One protects you from harm! A divine shield forms around you!
The black bear bites you.
You die...

#..# ###.##.##.....##( #..#
###.##.##.###.##.
#..############...##.##.#......
#......).....##......##.#......
##..#####.........#####.....###
##.# #.##...............## #.#
#.####.......####.## #.#
#.####.##.###.# #..# #.#
#.....@##.###.# ##.# #.#
######h##.....# #.# #.#
#....###.####.# #.# ###..#
#....#.# #
#.############..###.##.#.# #
#<..................##.#.# #
######################.#.# #
#.#.# # #(#.# #


You could see a black bear (berserk).

Vanquished Creatures
  The ghost of jasper the Basher, an amateur MDFi of Beogh (D:4)
  A steam dragon (D:4)
  A black bear (D:5)
  A centaur (D:5)
  A phantom (D:4)
  A bullfrog (D:6)
  3 scorpions
  5 hounds
  2 orc priests
  2 bombardier beetles
  A sleepcap (D:4)
  Jessica (D:2)
  Terence (D:2)
  2 iguanas
  2 orc wizards
  12 adders
  4 gnolls (D:2)
  4 ufetubi
  4 dart slugs
  A ribbon worm (D:2)
  15 orcs
  9 ball pythons
  15 endoplasms
  A giant cockroach (D:2)
  15 goblins
  7 hobgoblins
  7 jackals
  4 quokkas
  5 bats
  4 frilled lizards
  10 kobolds
  3 rats
145 creatures vanquished.

Notes
Turn   | Place    | Note
-------+----------+-------------------------------------------
     0 | D:1      | Fractals the Human Monk began the quest for the Orb.
     0 | D:1      | Reached XP level 1. HP: 18/18 MP: 1/1
   148 | D:1      | Reached skill level 1 in Armour
   148 | D:1      | Reached XP level 2. HP: 18/24 MP: 2/2
   512 | D:1      | Reached XP level 3. HP: 24/29 MP: 3/3
   772 | D:2      | Noticed Jessica
   776 | D:2      | Killed Jessica
   777 | D:2      | Reached XP level 4. HP: 26/37 MP: 4/4
   825 | D:2      | Reached skill level 4 in Fighting
  1043 | D:2      | Noticed Terence
  1157 | D:2      | Killed Terence
  1158 | D:2      | Reached XP level 5. HP: 43/43 MP: 5/5
  1739 | D:3      | Found a faded altar of an unknown god.
  2013 | D:3      | Found a sacrificial altar of Ru.
  2343 | D:3      | Reached skill level 5 in Fighting
  2355 | D:3      | Reached XP level 6. HP: 51/51 MP: 6/6
  2668 | D:4      | Found a staircase to the Ecumenical Temple.
  2694 | Temple   | Entered the Ecumenical Temple
  2753 | Temple   | Became a worshipper of the Shining One
  2753 | Temple   | Reached * piety under the Shining One
  2753 | Temple   | Reached ** piety under the Shining One
  2915 | D:4      | Reached XP level 7. HP: 46/57 MP: 7/7
  2995 | D:4      | Found a runed translucent door.
  2995 | D:4      | Noticed jasper's ghost (amateur MDFi)
  3027 | D:4      | Noticed a steam dragon
  3055 | D:4      | Reached skill level 5 in Armour
  3084 | D:4      | Killed a steam dragon
  3085 | D:4      | Reached skill level 6 in Fighting
  4120 | D:4      | Killed jasper's ghost
  4121 | D:4      | Reached skill level 7 in Fighting
  4121 | D:4      | Reached XP level 8. HP: 63/67 MP: 8/8
  4146 | D:5      | Entered Level 5 of the Dungeon
  4506 | D:5      | Found Jecw's Assorted Antiques.
  4594 | D:5      | Reached skill level 1 in Invocations
  5590 | D:6      | Reached skill level 8 in Fighting
  5750 | D:5      | HP: 3/68 [black bear (6)]
  5752 | D:5      | The Shining One protects you from harm!
  5752 | D:5      | The Shining One protects you from harm!
  5753 | D:5      | Slain by a black bear

Illustrated notes

Levels and vault maps discovered:
D:1:      lightli_arrival_isolated_outpost, layout_basic
D:2:      layout_loops_ring, minmay_small_reverse_x, uniq_jessica, uniq_terence
D:3:      corexii_shack_village, layout_basic, nicolae_ru_sacrificial_ziggurat,
          chequers_ecumenical_altar_simple_redux, st_stairs_6
D:4:      layout_basic, minmay_temple_entry_slanted,
          hellmonk_ghost_happy_afterlife
D:5:      layout_loops_ring, serial_shops, shop, chequers_big_river,
          grunt_decor_fettered, nicolae_half_adder
D:6:      layout_basic, minmay_misc_feat_ornament
Temple:   minmay_crystal_spiral_temple

Skill      XL: |  1  2  3  4  5  6  7  8 |
---------------+-------------------------+-----
Armour         | 1 2 3 4 6 7 |  7.0
Fighting       | 4 5 7 8 |  8.0
Invocations    | 3 |  3.3
Polearms       | |  3.0
Dodging        | |  3.1

Action                     |  1- 3 |  4- 6 |  7- 9 || total
---------------------------+-------+-------+-------++-------
  Melee: Dagger            |    66 |   164 |       ||   230
         Spear             |       |    50 |   430 ||   480
 Invoke: Divine Shield     |       |       |     1 ||     1
    Use: Scroll            |     1 |     2 |     1 ||     4
         Potion            |       |       |     3 ||     3
 Armour: Ring mail         |    49 |   108 |   461 ||   618
         Skin              |       |     5 |       ||     5
  Dodge: Dodged            |    31 |    81 |   321 ||   433

Table legend: (Time is in decaauts)
 A = Elapsed time spent in this place.
 B = Non-inter-level travel time spent in this place.
 C = Inter-level travel time spent in this place.
 D = Time resting spent in this place.
 E = Time spent auto-exploring this place.
 F = Levels seen in this place.
 G = Mean time per level.
                   A        B        C        D        E       F      G
               +--------+--------+--------+--------+--------+-----+--------+
         Total |   5740 |   5472 |    268 |    450 |   3365 |   7 |  820.0 |
       Dungeon |   5618 |   5467 |    151 |    450 |   3365 |   6 |  936.3 |
        Temple |    122 |      5 |    117 |      0 |      0 |   1 |  122.0 |
               +--------+--------+--------+--------+--------+-----+--------+

Top non-repeatable levels by time:
     D:5: 1362 daAuts
     D:4: 1345 daAuts
     D:2: 957 daAuts
     D:3: 940 daAuts
     D:1: 769 daAuts
     D:6: 242 daAuts
  Temple: 122 daAuts
